 Dungeon Crawl Stone Soup version 0.28-a0-863-g8cecda6153 (webtiles) character file.

Game seed: 5587175626061558039

150 ytrimaz the Grave Robber (level 5, -4/30 (31) HPs)
             Began as an Octopode Necromancer on Nov 16, 2021.
             Slain by an ogre (27 damage)
             ... on level 2 of the Dungeon on Nov 17, 2021.
             The game lasted 00:04:48 (4947 turns).

ytrimaz the Grave Robber (Octopode Necromancer)     Turns: 4947, Time: 00:04:48

HP:   -4/30 (31)    AC:  1    Str:  7    XL:     5   Next: 32%
MP:   2/10          EV: 13    Int: 19    God:
Gold: 142           SH:  0    Dex: 12    Spells: 2/11 levels left

rFire   . . .      SeeInvis .   a - +0 dagger (elec)
rCold   . . .      Faith    .   (no shield)
rNeg    . . .      Spirit   .   (helmet restricted)
rPois   .          Reflect  .   (no amulet)
rElec   .          Harm     .   i - ring of resist corrosion
rCorr   +          Rampage  .   (no ring)
Will    .....                   (no ring)
Stlth   +++.......              (no ring)
HPRegen 0.10/turn               (no ring)
MPRegen 0.12/turn               (no ring)
                                (no ring)
                                (no ring)

@: very slightly contaminated, lightly drained
A: almost no armour, amphibious, 8 rings, camouflage 1, gelatinous body 1,
(nimble swimmer 1), tentacles
a: no special abilities


You were on level 2 of the Dungeon.
You visited 1 branch of the dungeon, and saw 3 of its levels.

You collected 142 gold pieces.

Inventory:

Hand Weapons
 a - a +0 dagger of electrocution (weapon)
Jewellery
 g - a ring of flight
 i - a ring of resist corrosion (left tentacle)
Scrolls
 c - a scroll of teleportation
Potions
 b - 3 potions of curing {unknown}
 f - a potion of brilliance {unknown}
 h - a potion of lignification {unknown}


   Skills:
 * Level 2.6 Dodging
 - Level 2.6 Stealth
 * Level 3.9 Spellcasting
 + Level 4.8 Necromancy


You had 2 spell levels left.
You knew the following spells:

 Your Spells              Type           Power      Damage    Failure   Level
a - Pain                  Necr           88%        1d8       1%          1
b - Vampiric Draining     Necr           22%        2d7       5%          3
c - Agony                 Necr           22%        N/A       45%         5

Your spell library contained the following spells:

 Spells                   Type           Power      Damage    Failure   Level
 Animate Skeleton         Necr           44%        N/A       1%          1
 Animate Dead             Necr           11%        N/A       19%         4


Dungeon Overview and Level Annotations

Branches:
Dungeon (3/15)

Altars:
Vehumet

Shops:
D:1 =


Innate Abilities, Weirdness & Mutations

You cannot wear most types of armour.
You are amphibious.
You can wear up to eight rings at the same time.
Your skin changes colour to match your surroundings (Stealth+).
Your rubbery body absorbs attacks. (AC +1, EV +1)
((You are camouflaged near water. (Stealth+)))
You have tentacles for arms and can constrict up to eight enemies at once.


Message History

This spell is potentially lethal to cast!
Memorise Agony, consuming 5 spell levels and leaving 2?
You start memorising the spell.
You continue memorising. x5
You finish memorising.
Spell assigned to 'c'.
Unknown command.
Done exploring.
Done exploring.
Done exploring.
There is an open door here.
You see here 23 sling bullets.
There is an open door here.
There is an open door here.
There is a stone staircase leading down here.
The ogre shouts!
Casting: Pain (safe; 1% risk of failure)
Confirm with . or Enter, or press ? or * to list all spells.
The spell is potentially lethal to cast (45% risk of failure)!
Continue anyway?
Aiming: Agony (potentially lethal; 45% risk of failure)
Press: ? - help, Shift-Dir - straight line, f - ogre
Aim: an ogre, wielding a +0 giant club (chance to affect: 88%)
You miscast Agony.
You are very lightly contaminated with residual magic.
Nothing appears to happen.
The golden eye turns its gaze towards you.
The ogre barely misses you.
Casting: Agony (potentially lethal; 45% risk of failure)
Confirm with . or Enter, or press ? or * to list all spells.
The spell is potentially lethal to cast (45% risk of failure)!
Continue anyway?
Aiming: Agony (potentially lethal; 45% risk of failure)
Press: ? - help, Shift-Dir - straight line, f/p - ogre
Aim: an ogre, wielding a +0 giant club (chance to affect: 88%)
You miscast Agony.
You feel horribly lethargic!
You feel drained.
Unknown command.
There is a stone staircase leading down here.
There is an open door here.
Unknown command.
There is a stone staircase leading down here.
The ogre hits you with a +0 giant club!!
Ouch! That really hurt!
You die...

###########
#########
#.........#########
###.......#
#.#######.##.......
#.......#.# #.#
#####.##.#.###.
..#.###.#.## #.#
#..............
###......#.##
#.###.###.##.#.#...
.######.###.#
#.@O......##.#.....
## ##.#.##
#.........##.####..
# ##.##
#.###.###.##.#####.
#.# #.#
#.###.##....... #.#
#.# #...#.########.
# #.# #.# ###.#.#
##+ ## #.# #.#
#.#.# ##.. .## ##.#
#.#####.#.# ##..#
..## ##..#
#.........# ##...#


You could see an ogre.

Vanquished Creatures
  An orc priest (D:3)
  An orc wizard (D:3)
  4 adders
  2 worms (D:2)
  4 orcs (D:3)
  9 ball pythons
  4 bats
  4 endoplasms
  3 giant cockroaches
  2 goblins
  3 hobgoblins (D:1)
  4 kobolds
  3 quokkas (D:1)
  10 rats
54 creatures vanquished.

Notes
Turn   | Place    | Note
-------+----------+-------------------------------------------
     0 | D:1      | ytrimaz the Octopode Necromancer began the quest for the
                  | Orb.
     0 | D:1      | Reached XP level 1. HP: 11/11 MP: 3/3
   819 | D:1      | Reached XP level 2. HP: 14/17 MP: 1/5
  1573 | D:1      | Found Eruu's Jewellery Boutique.
  1914 | D:1      | Reached XP level 3. HP: 20/21 MP: 4/6
  2077 | D:2      | Learned a level 3 spell: Vampiric Draining
  3091 | D:2      | Noticed a great orb of eyes
  3094 | D:2      | Noticed a golden eye
  3096 | D:2      | Found a faded altar of an unknown god.
  3098 | D:2      | Noticed a floating eye
  3098 | D:2      | Noticed a floating eye
  3114 | D:2      | Reached XP level 4. HP: 18/27 MP: 2/8
  3980 | D:3      | Reached XP level 5. HP: 3/31 MP: 0/10
  4389 | D:3      | Found a radiant altar of Vehumet.
  4823 | D:3      | Noticed an ogre
  4881 | D:2      | Learned a level 5 spell: Agony
  4947 | D:2      | Slain by an ogre

Illustrated notes

Levels and vault maps discovered:
D:1:      minmay_arrival_glassed_features, layout_basic, serial_aquarium,
          aquarium_bridge_long_separate [aquarium_subvault_bridge,
          aquarium_subvault_bridge, aquarium_subvault_bridge,
          aquarium_subvault_wall, aquarium_subvault_wall,
          aquarium_subvault_bridge], aquarium_bridge_square
          [aquarium_subvault_bridge, aquarium_subvault_balcony,
          aquarium_subvault_window, aquarium_subvault_wall], aquarium_window_1,
          aquarium_window_1, aquarium_view_2e, serial_shops, shop
D:2:      layout_loops_corners, hellmonk_ecumenical_altar_watching_god
D:3:      minmay_inner_zag, layout_loops_ring, mainiacjoe_overflow_24_doors,
          nicolae_figureground_pulse

Skill      XL: |  1  2  3 |
---------------+----------+-----
Spellcasting   | 3 |  3.9
Dodging        | |  2.6
Stealth        | |  2.6
Necromancy     | |  4.8

Action                   |  1- 3 |  4- 6 || total
-------------------------+-------+-------++-------
Melee: Unarmed           |     7 |       ||     7
       Dagger            |    23 |    23 ||    46
       Constrict         |    11 |     2 ||    13
       Tentacles         |     3 |     2 ||     5
 Cast: Pain              |    61 |    24 ||    85
       Vampiric Draining |     1 |     2 ||     3
  Use: Scroll            |     1 |     4 ||     5
 Stab: Sleeping          |     1 |     2 ||     3
Armor: Skin              |     5 |     4 ||     9
Dodge: Dodged            |    34 |    14 ||    48

Table legend: (Time is in decaauts)
 A = Elapsed time spent in this place.
 B = Non-inter-level travel time spent in this place.
 C = Inter-level travel time spent in this place.
 D = Time resting spent in this place.
 E = Time spent auto-exploring this place.
 F = Levels seen in this place.
 G = Mean time per level.
                   A        B        C        D        E       F      G
               +--------+--------+--------+--------+--------+-----+--------+
         Total |   4947 |   4763 |    184 |   1313 |   2914 |   3 | 1649.0 |
       Dungeon |   4947 |   4763 |    184 |   1313 |   2914 |   3 | 1649.0 |
               +--------+--------+--------+--------+--------+-----+--------+

Top non-repeatable levels by time:
     D:2: 2003 daAuts
     D:1: 1992 daAuts
     D:3: 951 daAuts
